 Dungeon Crawl Stone Soup version 0.27-a0-1595-g0b823d0a13 (webtiles) character file.

Game seed: 6325173412575445886

574 Sin92 the Chopper (level 7, 0/61 HPs)
             Began as a Minotaur Fighter on July 20, 2021.
             Slain by Pikel (2 damage)
             ... on level 5 of the Dungeon.
             The game lasted 00:02:59 (3531 turns).

Sin92 the Chopper (Minotaur Fighter)                Turns: 3531, Time: 00:02:59

Health: 0/61       AC:  7    Str: 22    XL:     7   Next: 12%
Magic:  6/6        EV:  8    Int:  8    God:
Gold:   131        SH: 16    Dex: 10    Spells: 6/6 levels left

rFire    . . .     SeeInvis .   p - +4 long sword of Wu Jian's Reproof {vorpal, Int+3}
rCold    . . .     Faith    .   c - +1 kite shield
rNeg     . . .     Spirit   .   b - +0 scale mail
rPois    .         Reflect  +   (helmet restricted)
rElec    .         Harm     .   (no cloak)
rCorr    .         Rampage  .   (no gloves)
Will     .....                  (no boots)
Stlth    ..........             l - amulet of reflection
HPRegen  0.20/turn              (no ring)
MPRegen  0.10/turn              (no ring)

@: no status effects
A: horns 2, retaliatory headbutt
a: no special abilities


You were on level 5 of the Dungeon.
You visited 1 branch of the dungeon, and saw 5 of its levels.

You collected 131 gold pieces.

Inventory:

Hand Weapons
 a - a +0 war axe
 p - the +4 long sword of Wu Jian's Reproof (weapon) {vorpal, Int+3}
   (You found it on level 5 of the Dungeon)

   It inflicts extra damage upon your enemies.
   Int:       It affects your intelligence (+3).
Armour
 b - a +0 scale mail (worn)
 c - a +1 kite shield (worn)
Jewellery
 l - an amulet of reflection (around neck)
Wands
 q - a wand of paralysis (7)
Scrolls
 e - a scroll of identify
 m - a scroll of fog
Potions
 d - a potion of might
 f - 3 potions of curing {unknown}
 g - a potion of heal wounds {unknown}
 h - a potion of berserk rage {unknown}
 i - 3 potions of mutation {unknown}
 k - a potion of haste {unknown}
 n - a potion of attraction {unknown}
 o - 2 potions of flight {unknown}


   Skills:
 + Level 5.1 Fighting
 * Level 1.6 Long Blades
 - Level 5.5 Axes
 + Level 5.2 Armour
 + Level 3.0 Dodging
 + Level 5.1 Shields


You had 6 spell levels left.
You didn't know any spells.
Your spell library was empty.

Dungeon Overview and Level Annotations

Branches:
Dungeon (4/15)
 Temple: D:4-7

Altars:

Annotations:
D:3 robertstho's ghost, amateur VSIE
D:5 Pikel


Innate Abilities, Weirdness & Mutations

You have a pair of horns on your head.
You reflexively headbutt those who attack you in melee.


Message History

You closely miss Pikel. You block the hound zombie's attack.
Pikel hits you with a +0 whip of flaming.
Pikel burns you. You block the lemure's attack. x2
Pikel hits you with a +0 whip of flaming.
Pikel burns you. The lemure hits you. x2
Unknown command.
Your scale mail prevents you from hitting Pikel.
You block the lemure's attack. You block the iguana's attack.
You block Pikel's attack. The lemure closely misses you.
The lemure hits you but does no damage. x2; The lemure barely misses you.
Unknown command.
You slash Pikel! You headbutt Pikel, but do no damage.
Pikel is moderately wounded.
The iguana barely misses you.
You riposte.
You completely miss the iguana. Your headbutt misses the iguana.
Pikel hits you with a +0 whip of flaming.
* * * LOW HITPOINT WARNING * * *
Pikel burns you.
* * * LOW HITPOINT WARNING * * *
The lemure completely misses you.
You riposte.
You barely miss the lemure. You headbutt the lemure!
The lemure is severely wounded.
The lemure barely misses you. You furiously retaliate!
You headbutt the lemure. The lemure hits you.
* * * LOW HITPOINT WARNING * * *
You block the lemure's attack. You block the iguana's attack.
Pikel hits you with a +0 whip of flaming.
* * * LOW HITPOINT WARNING * * *
Pikel burns you.
* * * LOW HITPOINT WARNING * * *
You block the lemure's attack. The lemure barely misses you.
You furiously retaliate!
You headbutt the lemure.
You riposte.
You hit the lemure but do no damage.
The lemure is moderately wounded.
You hit Pikel but do no damage.
Pikel is moderately wounded.
You block the lemure's attack. x2; The iguana bites you.
* * * LOW HITPOINT WARNING * * *
Pikel hits you with a +0 whip of flaming.
You die...

.......## #... .......#
#... ......# .. ...
#.....# ... ##.#
#....### #.###
#...##......###....
#.###§§§§§.....#...... .
#....§55§§....##...##...
#..Z5@§§........##....
#..§K5l#.#.....###....
#..§§§§###.....###....
#$......###.......##....
.........#...###........
........#.....###.......
(.####..................
.. ...................
..........##.....


You could see Pikel, 4 lemures, an iguana and a hound zombie.

Vanquished Creatures
  A sky beast (D:5)
  A phantom (D:4)
  A scorpion (D:5)
  2 orc priests (D:3)
  Jessica (D:2)
  A bullfrog skeleton (D:5)
  3 iguanas
  A hound zombie (D:5)
  A howler monkey zombie (D:5)
  5 adders
  3 dart slugs (D:1)
  An orc (D:3)
  9 endoplasms
  A giant cockroach (D:3)
  12 goblins
  4 hobgoblins
  12 jackals
  5 quokkas
  5 ball pythons
  5 bats
  2 frilled lizards (D:1)
  3 kobolds
  7 rats
86 creatures vanquished.

Vanquished Creatures (others)
  A fungus (D:1)
  2 plants (D:1)
3 creatures vanquished.

Grand Total: 89 creatures vanquished

Notes
Turn   | Place    | Note
-------+----------+-------------------------------------------
     0 | D:1      | Sin92 the Minotaur Fighter began the quest for the Orb.
     0 | D:1      | Reached XP level 1. HP: 19/19 MP: 0/0
   194 | D:1      | Reached XP level 2. HP: 20/27 MP: 1/1
   486 | D:1      | Found a faded altar of an unknown god.
   554 | D:1      | Reached XP level 3. HP: 33/33 MP: 2/2
   618 | D:1      | Reached skill level 1 in Dodging
   909 | D:2      | Noticed Jessica
   917 | D:2      | Killed Jessica
   918 | D:2      | Reached XP level 4. HP: 12/40 MP: 3/3
  2287 | D:3      | Reached XP level 5. HP: 47/47 MP: 4/4
  2413 | D:3      | Found a runed translucent gate.
  2416 | D:3      | Found a runed translucent gate.
  2416 | D:3      | Found a runed translucent gate.
  2937 | D:3      | Noticed robertstho's ghost (amateur VSIE)
  3042 | D:3      | You fall into a shaft and drop 1 floor!
  3047 | D:4      | Noticed a phantom
  3066 | D:4      | Killed a phantom
  3067 | D:4      | Reached skill level 5 in Axes
  3067 | D:4      | Reached XP level 6. HP: 26/53 MP: 5/5
  3285 | D:4      | You fall into a shaft and drop 1 floor!
  3285 | D:5      | Entered Level 5 of the Dungeon
  3311 | D:5      | Noticed a sky beast
  3324 | D:5      | Killed a sky beast
  3325 | D:5      | Reached skill level 5 in Armour
  3332 | D:5      | Identified the +4 long sword of Wu Jian's Reproof {vorpal,
                  | Int+3}
  3445 | D:5      | Reached skill level 5 in Fighting
  3445 | D:5      | Reached skill level 1 in Long Blades
  3445 | D:5      | Reached skill level 5 in Shields
  3445 | D:5      | Reached XP level 7. HP: 58/61 MP: 6/6
  3519 | D:5      | Noticed Pikel
  3531 | D:5      | HP: 2/61 [iguana (3)]
  3531 | D:5      | Slain by Pikel

Illustrated notes

Levels and vault maps discovered:
D:1:      minmay_arrival_solitary_statue, layout_loops_cross,
          dreamdust_ecumenical_altar_hidden_monk_grotto
D:2:      layout_loops_corners, uniq_jessica
D:3:      layout_loops_ring, gammafunk_ghost_icy, kennysheep_generic_room_15
D:4:      layout_cave_pools, minmay_temple_entry_ruins, uniq_edmund
D:5:      layout_cave_pools, uniq_crazy_yiuf_cottage, uniq_menkaure, uniq_pikel

Skill      XL: |  1  2  3  4  5  6  7 |
---------------+----------------------+-----
Axes           | 3 4 5 |  5.5
Dodging        | 1 2 3 |  3.0
Fighting       | 4 5 |  5.1
Armour         | 4 5 |  5.2
Shields        | 4 5 |  5.1
Long Blades    | 1 |  1.6

Action                   |  1- 3 |  4- 6 |  7- 9 || total
-------------------------+-------+-------+-------++-------
Melee: War axe           |    54 |   121 |       ||   175
       Headbutt          |    13 |    16 |     5 ||    34
       Long sword        |       |     3 |    18 ||    21
  Use: Scroll            |       |     3 |     2 ||     5
Armor: Scale mail        |    24 |    33 |     7 ||    64
Dodge: Dodged            |    20 |    30 |    17 ||    67
Block: Kite shield       |    18 |    99 |    33 ||   150
       Reflection        |       |     2 |       ||     2
       Rpst.: Long sword |       |     2 |     7 ||     9

Table legend: (Time is in decaauts)
 A = Elapsed time spent in this place.
 B = Non-inter-level travel time spent in this place.
 C = Inter-level travel time spent in this place.
 D = Time resting spent in this place.
 E = Time spent auto-exploring this place.
 F = Levels seen in this place.
 G = Mean time per level.
                   A        B        C        D        E       F      G
               +--------+--------+--------+--------+--------+-----+--------+
         Total |   3633 |   3614 |     19 |    436 |   2634 |   5 |  726.6 |
       Dungeon |   3633 |   3614 |     19 |    436 |   2634 |   5 |  726.6 |
               +--------+--------+--------+--------+--------+-----+--------+

Top non-repeatable levels by time:
     D:2: 1202 daAuts
     D:3: 1128 daAuts
     D:1: 787 daAuts
     D:5: 261 daAuts
     D:4: 253 daAuts
